 Dungeon Crawl Stone Soup version 0.31-a0-940-gdaa99269f9 (webtiles) character file.

Game seed: 17371490241327920232

1016 Getoffmy the Twirler (level 8, -5/62 (64) HPs)
             Began as a Formicid Fighter on Oct 21, 2023.
             Was a Follower of Cheibriados.
             Slain by an orc warrior
             ... wielding a +0 halberd
              (14 damage)
             ... on level 6 of the Dungeon.
             The game lasted 00:07:07 (4797 turns).

Getoffmy the Twirler (Formicid Fighter)             Turns: 4797, Time: 00:07:07

HP:   -5/62 (64)    AC: 12    Str: 27    XL:     8   Next: 45%
MP:   10/10         EV:  7    Int: 10    God:    Cheibriados [*.....]
Gold: 263           SH:  5    Dex: 16    Spells: 7/7 levels left

rFire   . . .        a - +0 quarterstaff
rCold   + . .        c - +0 buckler
rNeg    . . .        B - +0 plate armour
rPois   .            (helmet unavailable)
rElec   .            (no cloak)
rCorr   .            (no gloves)
SInv    +            (no boots)
Will    .....        r - amulet of faith Stlth
                     p - ring of protection from cold
HPRegen 0.30/turn    (no ring)
MPRegen 0.12/turn

%: faith
@: lightly drained, very slow
A: permanent stasis, dig shafts and tunnels, antennae 3, four strong arms
a: Dig, Shaft Self, Renounce Religion, Bend Time


You were on level 6 of the Dungeon.
You worshipped Cheibriados.
Cheibriados was aware of your devotion.
You visited 2 branches of the dungeon, and saw 7 of its levels.

You collected 263 gold pieces.

Inventory:

Hand Weapons
 a - a +0 quarterstaff (weapon)
Missiles
 f - 32 stones
 g - 3 silver javelins
 y - 5 poisoned darts
 C - a curare-tipped dart
Armour
 c - a +0 buckler (worn)
 B - a +0 plate armour (worn)
Jewellery
 b - an amulet of guardian spirit
 p - a ring of protection from cold (left hand)
 r - an amulet of faith (around neck)
 t - a ring of fire
Wands
 s - a wand of flame (10)
Scrolls
 e - 4 scrolls of fog {unknown}
 h - 3 scrolls of noise {unknown}
 i - a scroll of immolation {unknown}
 j - 3 scrolls of enchant armour {unknown}
 k - 2 scrolls of silence {unknown}
 l - 2 scrolls of revelation {unknown}
 m - a scroll of fear {unknown}
 u - a scroll of blinking {unknown}
 v - a scroll of identify {unknown}
 x - a scroll of teleportation {unknown}
 A - a scroll of vulnerability {unknown}
Potions
 d - 2 potions of might
 n - 2 potions of curing {unknown}
 o - a potion of lignification {unknown}
 q - a potion of attraction {unknown}
 w - a potion of resistance {unknown}
 z - a potion of heal wounds {unknown}
 D - a potion of invisibility {unknown}


   Skills:
 + Level 5.8 Fighting
 * Level 6.4 Staves
 + Level 5.8 Armour
 - Level 4.0 Shields
 + Level 3.3 Invocations


You had 7 spell levels left.
You didn't know any spells.
Your spell library contained the following spells:

 Spells                   Type           Power      Damage    Failure   Level
 Lesser Beckoning         Tloc           0%         N/A       100%        2
 Gell's Gravitas          Tloc           0%         N/A       100%        3
 Teleport Other           Tloc           0%         N/A       100%        3
 Animate Dead             Necr           0%         N/A       100%        4
 Borgnjor's Vile Clutch   Necr/Erth      0%         N/A       100%        5
 Death Channel            Necr           0%         N/A       100%        6


Dungeon Overview and Level Annotations

Branches:
Dungeon (6/15)             Temple (1/1) D:5

Altars:
Ashenzari
Cheibriados
Elyvilon
Fedhas
Gozag
Hepliaklqana
Kikubaaqudgha
Makhleb
Okawaru
Qazlal
Ru
Sif Muna
Trog
Uskayaw
Vehumet
Wu Jian
Xom
Yredelemnul
The Shining One


Innate Abilities, Weirdness & Mutations

You cannot be hasted, slowed, berserked, paralysed or teleported.
You can dig through walls and to a lower floor.
You have a pair of large antennae on your head. (SInv)
Your four strong arms can wield two-handed weapons with a shield.


Message History

You block the orc priest's attack.
The orc warrior hits you but does no damage.
The orc priest hits you with a +0 hand axe.
You extend your mandibles.
You dig through the rock wall.
You feel drained.
The orc priest calls down the wrath of Beogh upon you.
Pain shoots through your body!
The orc warrior hits you from afar with a +0 halberd!
You retract your mandibles.
You sock the orc priest!
The orc priest is heavily wounded.
The orc priest closely misses you.
The orc warrior hits you from afar with a +0 halberd!
You barely miss the orc priest.
The orc priest is heavily wounded.
The orc warrior hits you from afar with a +0 halberd!
You sock the orc priest!
You kill the orc priest!
Cheibriados appreciates the change of pace.
The orc warrior hits you but does no damage.
You closely miss the orc. The orc hits you with a +0 short sword.
The orc warrior hits you from afar with a +0 halberd.
You closely miss the orc.
The orc warrior hits you from afar with a +0 halberd!
You sock the orc!
You kill the orc!
Cheibriados appreciates the change of pace.
The orc warrior hits you from afar with a +0 halberd.
The orc warrior barely misses you.
Items here: )) [ †.
You thump the orc warrior!
The orc warrior is heavily wounded.
You block the orc warrior's attack.
You barely miss the orc warrior.
The orc warrior is heavily wounded.
The orc warrior hits you with a +0 halberd!
* * * LOW HITPOINT WARNING * * *
You hit the orc warrior.
The orc warrior is heavily wounded.
The orc warrior hits you with a +0 halberd!
You die...

.#.......# ##........#.
#........... #.......#.##
... #..........# ....
####........#.. #...
####....#......... #..
#....####o...#.... ##..
#.######@......# . ....
#.# ##.##....## #. #..
#.####...###..... #..#..
#.##.......##.... #....
#.#...###...##.#.. #..##
#.#..##[##...###.. .#...#
#.##....##...##### .....
#..######...##...####..#.
#..........##.....##..##.


You could see an orc warrior.

Vanquished Creatures
  A water moccasin (D:5)
  A black bear (D:6)
  An ogre (D:6)
  A centaur (D:5)
  A kobold brigand (D:6)
  2 scorpions
  2 hounds
  A jelly (D:5)
  An orc priest (D:6)
  Natasha (thrice) (D:2)
  3 iguanas
  2 sleepcaps (D:6)
  5 adders
  2 white imps (D:5)
  4 ufetubi
  2 dart slugs
  6 orcs
  7 ball pythons
  4 bats
  3 endoplasms (D:1)
  A giant cockroach (D:1)
  4 goblins
  2 hobgoblins (D:2)
  3 jackals (D:2)
  3 quokkas
  3 frilled lizards
  6 kobolds
  A rat (D:2)
75 creatures vanquished.

Notes
Turn   | Place    | Note
-------+----------+-------------------------------------------
     0 | D:1      | Getoffmy the Formicid Fighter began the quest for the Orb.
     0 | D:1      | Reached XP level 1. HP: 18/18 MP: 1/1
     2 | D:1      | Noticed a troll
     2 | D:1      | Noticed a meteoran
     4 | D:1      | Noticed a demonspawn
     4 | D:1      | Noticed a spriggan
     6 | D:1      | Noticed an elf
    10 | D:1      | Noticed a tengu
    10 | D:1      | Noticed a vampire
    12 | D:1      | Noticed a vine stalker
    12 | D:1      | Noticed a human
    14 | D:1      | Noticed a gargoyle
    14 | D:1      | Noticed a merfolk
    16 | D:1      | Noticed an octopode
    16 | D:1      | Noticed a formicid
    18 | D:1      | Noticed a demigod
    18 | D:1      | Noticed a naga
    22 | D:1      | Noticed an ogre
    24 | D:1      | Noticed a minotaur
    24 | D:1      | Noticed a felid
    26 | D:1      | Noticed a ghoul
    26 | D:1      | Noticed a draconian
    28 | D:1      | Noticed an armataur
    28 | D:1      | Noticed a demigod
   144 | D:1      | Reached XP level 2. HP: 24/24 MP: 2/2
   505 | D:2      | Found a stormy altar of Qazlal.
   623 | D:2      | Noticed Natasha
   630 | D:2      | Killed Natasha
   631 | D:2      | Reached skill level 3 in Staves
   631 | D:2      | Reached XP level 3. HP: 30/30 MP: 3/3
   724 | D:2      | Reached XP level 4. HP: 37/37 MP: 4/4
  1143 | D:2      | Noticed Natasha
  1170 | D:2      | Killed Natasha
  1171 | D:2      | Reached XP level 5. HP: 9/42 MP: 5/5
  1352 | D:2      | Noticed Natasha
  1364 | D:2      | Killed Natasha
  1935 | D:3      | Found a faded altar of an unknown god.
  2097 | D:3      | Reached skill level 4 in Staves
  3247 | D:5      | Entered Level 5 of the Dungeon
  3254 | D:5      | Reached XP level 6. HP: 49/49 MP: 6/6
  3270 | D:5      | Found a stormy altar of Qazlal.
  3278 | D:5      | Found a bloodstained altar of Trog.
  3285 | D:5      | Found an ancient bone altar of Kikubaaqudgha.
  3293 | D:5      | Found an ornate altar of the Wu Jian Council.
  3301 | D:5      | Found a burning altar of Makhleb.
  3306 | D:5      | Found a blossoming altar of Fedhas.
  3317 | D:5      | Found a shimmering altar of Xom.
  3408 | D:5      | Found a staircase to the Ecumenical Temple.
  3424 | Temple   | Entered the Ecumenical Temple
  3444 | Temple   | Became a worshipper of Cheibriados the Contemplative
  3508 | D:5      | Reached skill level 5 in Staves
  3607 | D:5      | Found an iron altar of Okawaru.
  3627 | D:5      | Noticed a water moccasin
  3635 | D:5      | Killed a water moccasin
  3636 | D:5      | Reached skill level 5 in Fighting
  3636 | D:5      | Reached skill level 5 in Armour
  3636 | D:5      | Reached skill level 1 in Invocations
  3636 | D:5      | Reached XP level 7. HP: 38/56 MP: 6/8
  4178 | D:5      | Reached * piety under Cheibriados
  4393 | D:6      | Reached skill level 6 in Staves
  4393 | D:6      | Reached XP level 8. HP: 3/63 MP: 9/9
  4797 | D:6      | Slain by an orc warrior

Illustrated notes

Levels and vault maps discovered:
D:1:      kb_arrival_jail, layout_rooms, nicolae_titane
D:2:      layout_basic, basic_altar, uniq_natasha
D:3:      layout_basic, nicolae_ecumenical_lake_church
D:4:      nicolae_cairo_tiling_very_big, layout_loops_corners
D:5:      layout_rooms, grunt_temple_overflow_octagram, kennysheep_mini_moat,
          minmay_temple_entry_grid
D:6:      layout_cave_pools, gammafunk_ghost_abyssal_escape, minmay_puff,
          uniq_pikel
Temple:   nicolae_temple_ecumenical_triangle

Skill      XL: |  1  2  3  4  5  6  7  8 |
---------------+-------------------------+-----
Staves         | 3 4 5 6 |  6.4
Fighting       | 4 5 |  5.8
Armour         | 4 5 |  5.8
Invocations    | 1 2 3 |  3.3
Shields        | |  4.0

Action                     |  1- 3 |  4- 6 |  7- 9 || total
---------------------------+-------+-------+-------++-------
  Melee: Quarterstaff      |    38 |   154 |   132 ||   324
Ability: Dig               |       |       |     2 ||     2
 Armour: Scale mail        |    22 |   108 |     5 ||   135
         Plate armour      |       |       |   148 ||   148
  Dodge: Dodged            |    24 |    78 |    48 ||   150
  Block: Buckler           |     7 |    34 |    53 ||    94

Table legend: (Time is in decaauts)
 A = Elapsed time spent in this place.
 B = Non-inter-level travel time spent in this place.
 C = Inter-level travel time spent in this place.
 D = Time resting spent in this place.
 E = Time spent auto-exploring this place.
 F = Levels seen in this place.
 G = Mean time per level.
                   A        B        C        D        E       F      G
               +--------+--------+--------+--------+--------+-----+--------+
         Total |   5008 |   4811 |    197 |    858 |   3120 |   7 |  715.4 |
       Dungeon |   4976 |   4797 |    179 |    847 |   3120 |   6 |  829.3 |
        Temple |     32 |     14 |     18 |     11 |      0 |   1 |   32.0 |
               +--------+--------+--------+--------+--------+-----+--------+

Top non-repeatable levels by time:
     D:5: 1213 daAuts
     D:2: 996 daAuts
     D:3: 914 daAuts
     D:4: 879 daAuts
     D:6: 488 daAuts
     D:1: 484 daAuts
  Temple: 32 daAuts
